 Dungeon Crawl Stone Soup version 0.26.0-45-g9c1d065592 (webtiles) character file.

Game seed: 17259656533614924096

35 kaeus the Vexing (level 3, 0/14 HPs)
             Began as a Felid Enchanter on Jan 28, 2021.
             Slain by a jackal (2 damage)
             ... on level 2 of the Dungeon.
             The game lasted 00:02:23 (1847 turns).

kaeus the Vexing (Felid Enchanter)                  Turns: 1847, Time: 00:02:24

Health: 0/14       AC:  1    Str:  4    XL:     3   Next: 16%
Magic:  7/7        EV: 18    Int: 16    God:
Gold:   74         SH:  0    Dex: 17    Spells: 3/6 levels left
                                        Lives:  0   Deaths: 0

rFire    + . .     SeeInvis +     - Unarmed
rCold    . . .     Faith    .   (shield unavailable)
rNeg     . . .     Spirit   .   (armour unavailable)
rPois    .         Reflect  .   (helmet unavailable)
rElec    .         Harm     .   (cloak unavailable)
rCorr    .         Rampage  .   (gloves unavailable)
Will     .....                  (boots unavailable)
Stlth    +++.......             (no amulet)
HPRegen  0.04/turn              b - ring of protection from fire
MPRegen  0.10/turn              (no ring)

@: quick
A: very small, no armour, no weapons or thrown items, stealth, claws 1, fangs 3,
see invisible, speed 1, shaggy fur 1, sharp paws
a: no special abilities


You were on level 2 of the Dungeon.
You visited 1 branch of the dungeon, and saw 2 of its levels.

You collected 74 gold pieces.

Inventory:

Jewellery
 b - a ring of protection from fire (left paw)
 e - a +4 ring of protection {unknown}
 g - an uncursed ring of poison resistance {unknown}
 h - an uncursed amulet of reflection {unknown}
Scrolls
 a - 2 scrolls of magic mapping {unknown}
 c - a scroll of remove curse {unknown}
 f - a scroll of random uselessness {unknown}
 i - 3 scrolls of teleportation {unknown}
Potions
 d - a potion of degeneration {unknown}
 j - 2 potions of haste {unknown}


   Skills:
 + Level 3.2 Dodging
 * Level 4.7 Stealth
 + Level 1.4 Unarmed Combat
 + Level 2.3 Spellcasting
 + Level 4.8 Hexes


You had 3 spell levels left.
You knew the following spells:

 Your Spells              Type           Power        Failure   Level
a - Corona                Hex            18%          2%          1
b - Ensorcelled Hibernat  Hex/Ice        18%          12%         2

Your spell library contained the following spells:

 Spells                   Type           Power        Failure   Level
 Confusing Touch          Hex            17%          9%          3
 Tukima's Dance           Hex            17%          9%          3
 Dazzling Flash           Conj/Hex       18%          22%         3


Dungeon Overview and Level Annotations

Branches:
Dungeon (2/15)

Altars:


Innate Abilities, Weirdness & Mutations

You cannot wear armour.
You are incapable of wielding weapons or throwing items.
Your paws allow you to move quietly. (Stealth)
You have sharp claws.
You have razor-sharp teeth.
You have supernaturally acute eyesight. (SInv)
You cover ground quickly.
You are covered in fur. (AC +1)
Your sharp claws are effective at attacking unaware monsters.


Message History

There are monsters nearby!
You scratch the jackal but do no damage.
The jackal is moderately wounded.
The jackal completely misses you. The jackal bites you.
There are monsters nearby!
You take 2 damage, and have 8/14 hp.
You barely miss the jackal.
The jackal is moderately wounded.
The jackal barely misses you. x2; The jackal completely misses you.
There are monsters nearby!
You scratch the jackal but do no damage.
The jackal is moderately wounded.
The jackal misses you. The jackal bites you. x2
* * * LOW HITPOINT WARNING * * *
There are monsters nearby!
You take 6 damage, and have 2/14 hp.
MASSIVE DAMAGE!!
You scratch the jackal. Your bite misses the jackal.
The jackal is severely wounded.
The jackal closely misses you. The jackal bites you.
You die...

#.# #.#
#.# ##
#.# ..
#.#
.######
#.#
.......
#.# h...#
#h##..#
#@h...#
####....#
.##.# ##
#


You could see 2 jackals.

Vanquished Creatures
  An ooze (D:1)
  A dart slug (D:1)
  A bat (D:1)
  4 goblins (D:1)
  4 hobgoblins (D:1)
  3 jackals
  2 kobolds (D:1)
  5 frilled lizards (D:1)
  7 rats (D:1)
28 creatures vanquished.

Notes
Turn   | Place    | Note
-------+----------+-------------------------------------------
     0 | D:1      | kaeus the Felid Enchanter began the quest for the Orb.
     0 | D:1      | Reached XP level 1. HP: 7/7 MP: 4/4
   438 | D:1      | Reached XP level 2. HP: 11/11 MP: 6/6
   441 | D:1      | Learned a level 2 spell: Ensorcelled Hibernation
  1480 | D:1      | Reached XP level 3. HP: 14/14 MP: 2/7
  1847 | D:2      | Slain by a jackal

Illustrated notes

Levels and vault maps discovered:
D:1:      amcnicky_arrival_flooded_fountain, layout_loops_cross
D:2:      cheibrodos_fertilizer, layout_basic

Skill      XL: |  1  2 |
---------------+-------+-----
Dodging        | 3 |  3.2
Stealth        | |  4.7
Unarmed Combat | |  1.4
Spellcasting   | |  2.3
Hexes          | |  4.8

Action                   || total
-------------------------++-------
Melee: Unarmed           ||   110
       Bite              ||     6
       Punch             ||     2
 Cast: Ensorcelled Hiber ||     5
 Stab: Sleeping          ||    14
Armor: Skin              ||     4
Dodge: Dodged            ||    95
